 Dungeon Crawl Stone Soup version 0.28.0-43-g3370ac3207 (webtiles) character file.

Game seed: 10914551942145857689

406 smarlow the Sneak (level 6, -4/26 HPs)
             Began as a Felid Enchanter on Feb 28, 2022.
             Killed from afar by Blork the orc (9 damage)
             ... with a puff of frost
             ... on level 6 of the Dungeon.
             The game lasted 00:13:27 (6588 turns).

smarlow the Sneak (Felid Enchanter)                 Turns: 6588, Time: 00:13:28

Health: -4/26      AC:  2    Str:  4    XL:     6   Next: 56%
Magic:  5/12       EV: 19    Int: 17    God:
Gold:   309        SH:  0    Dex: 18    Spells: 4/12 levels left
                                        Lives:  0   Deaths: 1

rFire   . . .      SeeInvis +     - Unarmed
rCold   . . .      Faith    .   (shield unavailable)
rNeg    . . .      Spirit   .   (armour unavailable)
rPois   .          Reflect  .   (helmet unavailable)
rElec   .          Harm     .   (cloak unavailable)
rCorr   .          Rampage  .   (gloves unavailable)
Will    .....                   (boots unavailable)
Stlth   ++++......              (no amulet)
HPRegen 0.08/turn               (no ring)
MPRegen 0.13/turn               (no ring)

@: marked, quick
A: very small, claws 1, fangs 3, see invisible, speed 1, shaggy fur 2, stealthy
paws, no weapons or thrown items, no armour, multi-lived
a: no special abilities


You were on level 6 of the Dungeon.
You visited 2 branches of the dungeon, and saw 7 of its levels.

You collected 309 gold pieces.

Inventory:

Jewellery
 o - a ring of protection from fire
 s - an amulet of regeneration
Wands
 m - a wand of acid (3)
Scrolls
 c - 3 scrolls of enchant weapon
 f - 2 scrolls of identify {unknown}
 h - a scroll of fear {unknown}
 k - a scroll of blinking {unknown}
 l - a scroll of magic mapping {unknown}
 q - a scroll of teleportation {unknown}
 r - 2 scrolls of vulnerability {unknown}
Potions
 a - a potion of invisibility
 b - a potion of degeneration {unknown}
 d - 2 potions of heal wounds {unknown}
 e - a potion of brilliance {unknown}
 g - a potion of attraction {unknown}
 j - a potion of lignification {unknown}
 n - a potion of might {unknown}
 p - 3 potions of curing
 t - a potion of resistance {unknown}


   Skills:
 + Level 2.2 Fighting
 + Level 4.1 Dodging
 * Level 6.8 Stealth
 + Level 2.3 Unarmed Combat
 * Level 3.6 Spellcasting
 + Level 5.6 Hexes


You had 4 spell levels left.
You knew the following spells:

 Your Spells              Type           Power      Damage    Failure   Level
a - Ensorcelled Hibernat  Hex/Ice        24%        N/A       8%          2
b - Confusing Touch       Hex            22%        N/A       4%          3
c - Tukima's Dance        Hex            22%        N/A       4%          3

Your spell library contained the following spells:

 Spells                   Type           Power      Damage    Failure   Level
 Dazzling Flash           Conj/Hex       24%        N/A       16%         3
 Sandblast                Erth           6%         2d5       17%         1
 Passwall                 Tmut/Erth      2%         N/A       26%         2
 Conjure Flame            Conj/Fire      3%         6-21      45%         3
 Ignite Poison            Fire/Tmut/Pois 3%         N/A       45%         3
 Stone Arrow              Conj/Erth      6%         3d7       45%         3
 Sticky Flame             Conj/Fire      3%         2d3       86%         4


Dungeon Overview and Level Annotations

Branches:
Dungeon (5/15)             Temple (1/1) D:4

Altars:
Ashenzari
Elyvilon
Gozag
Hepliaklqana
Kikubaaqudgha
Makhleb
Nemelex Xobeh
Okawaru
Ru
Sif Muna
Trog
Uskayaw
Vehumet
Xom
Yredelemnul
Zin
The Shining One

Shops:
D:1 (

Annotations:
D:3 1 runed translucent door, Crazy Yiuf
D:5 Dowan, Duvessa
D:6 Blork the orc


Innate Abilities, Weirdness & Mutations

You have sharp claws.
You have razor-sharp teeth.
You have supernaturally acute eyesight. (SInv)
You cover ground quickly. (Speed+)
You are covered in thick fur. (AC +2)
Your paws help you pounce on unaware monsters.
You are incapable of wielding weapons or throwing items.
You cannot wear armour.
You gain extra lives every three experience levels.


Message History

The iguana resists with significant effort.
The iguana misses you.
The iguana resists with significant effort.
The iguana barely misses you.
You miscast Ensorcelled Hibernation.
Nothing appears to happen.
The iguana barely misses you.
There is a shaft here.
You fall into a shaft and drop 1 floor!
The shaft crumbles and collapses.
Your magical contamination has completely faded away.
Found a potion of ambrosia.
A centaur comes into view.
Blork the orc and an adder come into view.
A sourceless malevolence fills the Dungeon...
With a horrendous wail, an alarm goes off!
A sentinel's mark forms upon you.
Blork the orc shouts!
The adder hisses angrily.
You hear a shout! x2
You hear a bark!
You hear a shout!
You hear an angry hiss. x2
You closely miss Blork the orc. Blork the orc misses you.
Blork the orc gestures wildly while chanting.
Blork the orc seems to speed up.
Found a stone staircase leading down.
The centaur wields a +0 shortbow.
The centaur shoots an arrow.
The arrow completely misses you.
An orc comes into view. It is wielding a +0 trident.
Blork the orc looks satisfied for a moment.
An orc comes into view. It is wielding a +0 mace of venom.
An orc comes into view. It is wielding a staff of death.
The centaur shoots an arrow.
The arrow hits you!
The centaur shoots an arrow.
The arrow hits you.
As you read the scroll labelled SAYTAF BYOFF, it crumbles to dust.
It is a scroll of enchant weapon.
You aren't carrying any weapons that can be enchanted.
The centaur shoots an arrow.
The arrow hits you.
* * * LOW HITPOINT WARNING * * *
As you read the scroll labelled TUQ ZA UGAYRPH, it crumbles to dust.
You hear a loud clanging noise!
It was a scroll of noise.
Blork the orc points at you and mumbles some strange words.
The puff of frost hits you!
You die...

#...........!.....##..
#....................#
.....................#
###..........#.......#
##..........#.......#
.......c.####.#.##.##
..............#.# #
........oS........#
.......@#..........#
.........#...........
...>..o..............
.......###..........#
....o.. ..........##
..##.o# ..##...###.# .
... #.## .... ##


You could see Blork the orc (fast), a centaur, an adder and 3 orcs.

Vanquished Creatures
  A vampire (D:5)
  An ogre (D:4)
  A jelly (D:3)
  A bullfrog skeleton (D:4)
  An iguana (D:4)
  4 adders
  An adder skeleton (D:4)
  A worm (D:4)
  2 dart slugs
  5 orcs
  13 bats
  7 endoplasms
  3 giant cockroaches (D:1)
  3 goblins
  9 hobgoblins
  4 jackals
  3 quokkas
  10 ball pythons
  2 frilled lizards
  8 kobolds
  5 rats
85 creatures vanquished.

Notes
Turn   | Place    | Note
-------+----------+-------------------------------------------
     0 | D:1      | smarlow the Felid Enchanter began the quest for the Orb.
     0 | D:1      | Reached XP level 1. HP: 7/7 MP: 4/4
   491 | D:1      | Reached XP level 2. HP: 9/11 MP: 6/6
   573 | D:1      | Learned a level 2 spell: Ensorcelled Hibernation
   653 | D:1      | Found Bunuda Romi's Weapon Shop.
  1454 | D:1      | Reached XP level 3. HP: 15/15 MP: 7/7
  1823 | D:2      | Reached skill level 5 in Stealth
  2661 | D:2      | Reached skill level 1 in Fighting
  2667 | D:2      | Reached XP level 4. HP: 19/19 MP: 8/8
  3197 | D:3      | Reached skill level 5 in Hexes
  3231 | D:3      | Learned a level 3 spell: Confusing Touch
  3235 | D:3      | Learned a level 3 spell: Tukima's Dance
  3264 | D:3      | Found a runed translucent door.
  3265 | D:3      | Noticed Crazy Yiuf
  3502 | D:3      | Found a faded altar of an unknown god.
  4090 | D:3      | Splashed by a jelly's acid
  4091 | D:3      | Reached XP level 3. HP: -6/15 MP: 0/7
  4116 | D:3      | Reached XP level 4. HP: 19/19 MP: 6/9
  4689 | D:4      | Reached XP level 5. HP: 22/22 MP: 5/10
  4834 | D:4      | Identified the +8 whip "Igoadui" {venom, Stlth+}
  4910 | D:4      | Found a staircase to the Ecumenical Temple.
  4916 | Temple   | Entered the Ecumenical Temple
  5160 | D:4      | Reached skill level 6 in Stealth
  5495 | D:4      | Noticed an ogre
  5572 | D:4      | Killed an ogre
  5875 | D:5      | Entered Level 5 of the Dungeon
  5884 | D:5      | Noticed Duvessa
  5888 | D:5      | Noticed Dowan
  6044 | D:5      | Noticed a vampire
  6063 | D:5      | Killed a vampire
  6064 | D:5      | Gained mutation: You are covered in thick fur. (AC +2)
                  | [Felid growth]
  6064 | D:5      | Reached XP level 6. HP: 2/26 MP: 8/12
  6561 | D:5      | You fall into a shaft and drop 1 floor!
  6561 | D:6      | Noticed an ice beast
  6579 | D:6      | Noticed Blork the orc
  6588 | D:6      | Killed from afar by Blork the orc

Illustrated notes

Levels and vault maps discovered:
D:1:      saegor_arrival_simple_b, layout_basic, serial_shops,
          nicolae_shop_bloodbath_and_beyond
D:2:      kennysheep_six_static_rooms, layout_loops_corners,
          kennysheep_generic_room_12
D:3:      layout_basic, hellmonk_ecumenical_altar_lost_god,
          uniq_crazy_yiuf_cottage
D:4:      layout_basic, minmay_temple_entry_hall, st_stairs_3
D:5:      layout_loops_ring, fedhas_altar_fruit_tree,
          nicolae_concentric_dashed_squares_wild, uniq_duvessa
D:6:      layout_cave_pools, nzn_wu_jian_council_hall, uniq_blork_the_orc
Temple:   minmay_crystal_spiral_temple

Skill      XL: |  1  2  3  4  5 |
---------------+----------------+-----
Dodging        | 3 4 |  4.1
Stealth        | 5 6 |  6.8
Fighting       | 1 2 |  2.2
Hexes          | 5 |  5.6
Spellcasting   | 3 |  3.6
Unarmed Combat | 2 |  2.3

Action                   |  1- 3 |  4- 6 || total
-------------------------+-------+-------++-------
Melee: Unarmed           |    78 |    82 ||   160
       Bite              |     5 |     7 ||    12
 Cast: Ensorcelled Hiber |    26 |    52 ||    78
       Confusing Touch   |       |     4 ||     4
  Use: Potion            |     3 |     1 ||     4
       Scroll            |       |     2 ||     2
 Stab: Sleeping          |    33 |    34 ||    67
       Invisible         |     1 |       ||     1
       Confused          |       |     5 ||     5
Armor: Skin              |     9 |     3 ||    12
Dodge: Dodged            |   105 |    63 ||   168
